 Dungeon Crawl Stone Soup version 0.18.1-47-g9310371 (webtiles) character file.

25 Jerry the Chiller (level 3, -5/24 HPs)
             Began as a Human Ice Elementalist on June 16, 2016.
             Killed from afar by Jessica (13 damage)
             ... with a wand of flame
             ... on level 2 of the Dungeon.
             The game lasted 00:06:18 (1037 turns).

Jerry the Chiller (Human Ice Elementalist)          Turns: 1037, Time: 00:06:18

Health: -5/24      AC:  3    Str:  8    XL:     3   Next: 17%
Magic:  6/6        EV: 12    Int: 16    God:
Gold:   29         SH:  0    Dex: 13    Spells: 2 memorised, 4 levels left

rFire  . . .     SeeInvis .     e - +0 dagger
rCold  . . .     Gourm    .     a - +0 robe
rNeg   . . .     Faith    .     (no shield)
rPois  .         Spirit   .     h - +0 helmet
rElec  .         Dismiss  .     (no cloak)
rCorr  .         Reflect  .     (no gloves)
SustAt .         Harm     .     (no boots)
MR     .....                    (no amulet)
Stlth  ++........               (no ring)
                                (no ring)

@: not resistant to hostile enchantments, unstealthy
A: no striking features
a: no special abilities


You were on level 2 of the Dungeon.
You were not hungry.

You visited 1 branch of the dungeon, and saw 2 of its levels.

You collected 29 gold pieces.

Inventory:

Hand Weapons
 e - a +0 dagger (weapon)
Armour
 a - a +0 robe (worn)
 h - a +0 helmet (worn)
Scrolls
 d - a scroll of remove curse {unknown}
 i - a scroll of magic mapping {unknown}
 j - a scroll of blinking {unknown}
 m - a scroll of fog {unknown}
 n - 3 scrolls of identify {unknown}
Potions
 f - 2 potions of lignification {unknown}
 g - a potion of agility {unknown}
 k - a potion of beneficial mutation {unknown}
 o - a potion of curing {unknown}
Books
 b - a book of Frost

   Spells                             Type                      Level
   a - Freeze                         Ice                          1
   b - Throw Frost                    Conjuration/Ice              2
   c - Ozocubu's Armour               Charms/Ice                   3
   d - Throw Icicle                   Conjuration/Ice              4
   e - Summon Ice Beast               Ice/Summoning                4
Comestibles
 c - 3 bread rations
 l - 4 chunks of flesh


   Skills:
 - Level 2.0 Dodging
 - Level 2.0 Stealth
 + Level 2.5 Spellcasting
 - Level 1.0 Conjurations
 + Level 3.6 Ice Magic


You had 4 spell levels left.
You knew the following spells:

 Your Spells              Type           Power        Failure   Level  Hunger
a - Freeze                Ice            ##..         6%          1    #......
b - Throw Frost           Conj/Ice       #.....       14%         2    ##.....


Dungeon Overview and Level Annotations

Branches:
Dungeon (2/15)

Altars:
Makhleb

Annotations:
D:2 Jessica


Message History

This raw flesh tastes terrible.
You continue eating. x2
Magic restored.
Jessica the Apprentice Sorceress comes into view.
She is wielding a dagger of electrocution.
Jessica shouts!
Jessica gestures wildly while chanting.
Jessica blinks!
Jessica very coldly says, "I hate your company."
Jessica hits you but does no damage.
You are electrocuted!
Ouch! That really hurt!
Jessica gestures wildly while chanting.
Jessica blinks!
Casting: Freeze
Confirm with . or Enter, or press ? or * to list all spells.
Aiming: Throw Frost
Press: ? - help, Shift-Dir - straight line
Okay, then.
Jessica zaps a wand.
The puff of flame hits you!
Ouch! That really hurt!
You die...

##.#.#.#.#.#.#.#.#.##.####
# ##...)..........<......#
# #..##.#.#.#.#.#.#.#.####
# ###.##.................#
##
#.#.###.#.#.#.#.#.#.#.##
##.
#.).#...........@......#
#..
#..##.#.#.#.#.#.#.#.#.##
#.#
#....#.###.#####.#####.###
##.# #.##.. ..# ###@#
#...#####..# .. ..# #
#.§.# ####.>..##.## ## ..#
#.### #...###.#.... #.# #.
#.#.##.....## .. #.
#.#..#....... ..
#.##.#......# ##
#J##.......## #.###.....†#
#.# ##.....##


You could see Jessica.

Vanquished Creatures
  A giant cockroach (D:1)
  4 goblins
  2 hobgoblins
  3 jackals (D:2)
  5 kobolds
  3 giant newts
  3 rats (D:1)
21 creatures vanquished.

Notes
Turn   | Place    | Note
--------------------------------------------------------------
     0 | D:1      | Jerry the Human Ice Elementalist began the quest for the Orb.
     0 | D:1      | Reached XP level 1. HP: 13/13 MP: 3/3
   223 | D:1      | Reached XP level 2. HP: 18/19 MP: 5/5
   227 | D:1      | Learned a level 2 spell: Throw Frost
   923 | D:2      | Found a burning altar of Makhleb.
   923 | D:2      | Noticed a green death
   926 | D:2      | Noticed a hellwing
   926 | D:2      | Noticed an orange demon
   981 | D:2      | Reached XP level 3. HP: 16/24 MP: 6/6
  1028 | D:2      | Noticed Jessica
  1037 | D:2      | Killed from afar by Jessica

Action                   || total
-------------------------++-------
Melee: Dagger            ||    12
 Cast: Freeze            ||    21
       Throw Frost       ||     2
 Stab: Sleeping          ||     4
  Eat: Chunk             ||     1
Armor: Robe              ||     3
Dodge: Dodged            ||    14
